 Dungeon Crawl Stone Soup version 0.20.1-1-g8b1a95d (webtiles) character file.

52 PrincessLeslie the Caller (level 3, -2/14 HPs)
             Began as a Felid Summoner on Aug 19, 2017.
             Was an Initiate of Dithmenos.
             Killed by divine providence
             ... invoked by an orc priest
              (10 damage)
             ... on level 3 of the Dungeon.
             The game lasted 00:20:36 (3019 turns).

PrincessLeslie the Caller (Felid Summoner)          Turns: 3019, Time: 00:20:36

Health: -2/14      AC:  1    Str:  4    XL:     3   Next: 60%
Magic:  7/7        EV: 18    Int: 17    God:    Dithmenos [......]
Gold:   108        SH:  0    Dex: 16    Spells: 1/7 levels left
                                        Lives:  0   Deaths: 0

rFire    x . .     SeeInvis +   (weapon unavailable)
rCold    + . .     Gourm    +   (shield unavailable)
rNeg     . . .     Faith    .   (armour unavailable)
rPois    .         Spirit   .   (helmet unavailable)
rElec    .         Reflect  .   (cloak unavailable)
rCorr    .         Harm     .   (gloves unavailable)
MR       .....                  (boots unavailable)
Stlth    +++.......             c - amulet of the gourmand
Regen    0.1/turn               p - ring of ice
MPRegen  0.1/turn               (no ring)

@: quick
A: no armour, no weapons or thrown items, stealth, claws 1, fangs 3, see
invisible, carnivore 3, speed 1, shaggy fur 1, slow metabolism 1, sharp paws
a: Renounce Religion


You were on level 3 of the Dungeon.
You worshipped Dithmenos.
Dithmenos was noncommittal.
You were very full.

You visited 1 branch of the dungeon, and saw 3 of its levels.

You collected 108 gold pieces.

Inventory:

Hand Weapons
 d - a +0 flail
 e - a +0 hunting sling
 i - a +0 short sword
 m - a +1 morningstar of protection
Armour
 g - a +0 robe
 h - a +0 leather armour
 j - a +0 large shield
 l - a +0 leather armour
 n - a +0 ring mail
 r - a +0 plate armour
 s - a +0 robe
Jewellery
 c - an amulet of the gourmand (around neck)
 p - a ring of ice (left paw)
Potions
 o - a potion of curing {unknown}
 q - 2 potions of haste {unknown}
Books
 a - a book of Callings

   Spells                             Type                      Level
   a - Summon Small Mammal            Summoning                    1
   b - Call Imp                       Summoning                    2
   c - Call Canine Familiar           Summoning                    3
   d - Summon Guardian Golem          Hexes/Summoning              3
   e - Summon Lightning Spire         Summoning/Air                4
   f - Summon Ice Beast               Ice/Summoning                4
Comestibles
 b - a meat ration
 f - a royal jelly
 k - a bread ration


   Skills:
 + Level 0.2 Fighting
 + Level 3.1 Dodging
 + Level 2.8 Stealth
 + Level 2.6 Spellcasting
 + Level 4.7 Summonings


You had one spell level left.
You knew the following spells:

 Your Spells              Type           Power        Failure   Level  Hunger
a - Summon Small Mammal   Summ           ###.         2%          1    #......
b - Call Imp              Summ           ###.....     3%          2    ##.....
c - Summon Guardian Gole  Hex/Summ       ##......     21%         3    ###....


Dungeon Overview and Level Annotations

Branches:
Dungeon (3/15)

Altars:
Ashenzari
Dithmenos
Hepliaklqana
Trog

Annotations:
D:2 Terence


Innate Abilities, Weirdness & Mutations

You cannot wear armour.
You are incapable of wielding weapons or throwing items.
Your paws allow you to move quietly. (Stealth)
You have sharp claws.
You have razor-sharp teeth.
You have supernaturally acute eyesight. (SInv)
You are carnivorous and can eat meat at any time.
You cover ground quickly.
You are covered in fur. (AC +1)
You have a slow metabolism.
Your sharp claws are effective at attacking unaware monsters.


Message History

A hobgoblin and an orc priest come into view. 3 orcs come into view.
The orc shouts! x2; The orc priest shouts!
The hobgoblin shouts!
You hear a shout!
You hear an angry hiss.
A kobold comes into view. It is wielding a trident.
An adder and a giant cockroach come into view.
The kobold closely misses you. The hobgoblin misses you. The orc misses you.
You scratch the hobgoblin but do no damage.
The orc priest hits you with a falchion.
The kobold closely misses you. The hobgoblin hits you.
You barely miss the hobgoblin. The orc priest barely misses you.
The orc closely misses you. The hobgoblin misses you.
The kobold closely misses you.
A hobgoblin comes into view.
The orc hits you with a club.
The hobgoblin shouts!
The orc priest invokes the aid of Beogh against you.
Beogh smites you!
Ouch! That really hurt!
You die...

#......................#
###.
#..................#######
#.
#.............####........
#. ###......###...#
#.####### #. #.#....#
#.#.# #.# #. #.. #.#.# #.#
#. #.. #.#.# #.#########.
#....###.#.# #...........
.......@..# ############
....###s#..# .. #S#..# ...
#.# .# ....###o##..
.......oo# .# ......Ko.#
.# ......g..# .........#


You could see an orc priest, an adder, 3 orcs, a giant cockroach, a hobgoblin
and a kobold.

Vanquished Creatures
  An adder (D:2)
  3 giant cockroaches
  2 goblins (D:1)
  A quokka (D:2)
  3 bats
  A frilled lizard (D:1)
  2 kobolds (D:2)
  A rat (D:1)
14 creatures vanquished.

Vanquished Creatures (collateral kills)
  A gnoll (D:1)
  An ooze (D:2)
  A dart slug (D:1)
  4 orcs (D:3)
  A ball python (D:1)
  3 bats
  2 goblins (D:2)
  9 hobgoblins
  4 kobolds
  2 frilled lizards
  3 rats
31 creatures vanquished.

Grand Total: 45 creatures vanquished

Notes
Turn   | Place    | Note
-------+----------+-------------------------------------------
     0 | D:1      | PrincessLeslie the Felid Summoner began the quest for the Orb.
     0 | D:1      | Reached XP level 1. HP: 7/7 MP: 4/4
   134 | D:1      | Reached XP level 2. HP: 9/11 MP: 0/6
   138 | D:1      | Learned a level 2 spell: Call Imp
  1533 | D:2      | Reached XP level 3. HP: 14/14 MP: 0/7
  1543 | D:2      | Noticed Terence
  1695 | D:2      | Found a hazy altar of Hepliaklqana.
  1695 | D:2      | Found a bloodstained altar of Trog.
  1700 | D:2      | Found a shadowy altar of Dithmenos.
  1700 | D:2      | Found a shattered altar of Ashenzari.
  1718 | D:2      | Became a worshipper of Dithmenos the Shadowed
  2295 | D:3      | Learned a level 3 spell: Summon Guardian Golem
  3019 | D:3      | Killed from afar by an orc priest

Skill      XL: |  1  2  3 |
---------------+----------+-----
Dodging        | 3 |  3.1
Fighting       | |  0.2
Stealth        | |  2.8
Spellcasting   | |  2.6
Summonings     | |  4.7

Action                   || total
-------------------------++-------
Melee: Unarmed           ||    96
       Bite              ||     6
 Cast: Summon Small Mamm ||    21
       Call Imp          ||    25
       Summon Guardian G ||     3
  Use: Scroll            ||     2
       Potion            ||     1
 Stab: Sleeping          ||     4
  Eat: Chunk             ||    13
Armor: Skin              ||     7
Dodge: Dodged            ||   120
